 Dungeon Crawl Stone Soup version 0.22-a0-355-g201945f (webtiles) character file.

67 Kikal the Chiller (level 3, -5/21 HPs)
             Began as a Felid Ice Elementalist on Apr 17, 2018.
             Killed by divine providence
             ... invoked by an orc priest
              (8 damage)
             ... on level 3 of the Dungeon.
             The game lasted 00:07:47 (2657 turns).

Kikal the Chiller (Felid Ice Elementalist)          Turns: 2657, Time: 00:07:48

Health: -5/21      AC:  1    Str:  9    XL:     3   Next: 98%
Magic:  0/8        EV: 18    Int: 17    God:
Gold:   114        SH:  2    Dex: 16    Spells: 4/7 levels left
                                        Lives:  0   Deaths: 0

rFire    . . .     SeeInvis +   (weapon unavailable)
rCold    . . .     Gourm    .   (shield unavailable)
rNeg     + . .     Faith    .   (armour unavailable)
rPois    .         Spirit   .   (helmet unavailable)
rElec    .         Reflect  +   (cloak unavailable)
rCorr    .         Harm     .   (gloves unavailable)
MR       .....                  (boots unavailable)
Stlth    ..........             m - +2 amulet of reflection
HPRegen  0.07/turn              i - ring of positive energy
MPRegen  0.11/turn              (no ring)

@: berserking, very quick
A: very small, no armour, no weapons or thrown items, stealth, claws 1, fangs 3,
see invisible, carnivore, speed 1, shaggy fur 1, slow metabolism 1, sharp paws
a: no special abilities


You were on level 3 of the Dungeon.
You were completely stuffed.

You visited 1 branch of the dungeon, and saw 3 of its levels.

You collected 114 gold pieces.

Inventory:

Jewellery
 i - a ring of positive energy (left paw)
 m - a +2 amulet of reflection (around neck)
 o - an uncursed amulet of magic regeneration {unknown}
Scrolls
 a - a scroll of fog {unknown}
 d - a scroll of fear {unknown}
 e - 2 scrolls of amnesia {unknown}
 g - 2 scrolls of immolation {unknown}
 h - 4 scrolls of identify {unknown}
 k - a scroll of enchant armour {unknown}
 l - 2 scrolls of teleportation {unknown}
Potions
 c - a potion of heal wounds {unknown}
 f - 2 potions of lignification {unknown}
 j - a potion of berserk rage
 p - a potion of mutation {unknown}
Comestibles
 b - 5 rations
 n - 3 chunks of flesh


   Skills:
 - Level 2.6 Dodging
 - Level 2.6 Stealth
 + Level 2.8 Spellcasting
 + Level 1.5 Conjurations
 + Level 3.6 Ice Magic


You had 4 spell levels left.
You knew the following spells:

 Your Spells              Type           Power        Failure   Level  Hunger
a - Freeze                Ice            ##..         4%          1    #......
b - Throw Frost           Conj/Ice       ##....       10%         2    ##.....


Dungeon Overview and Level Annotations

Branches:
Dungeon (3/15)

Altars:
Fedhas


Innate Abilities, Weirdness & Mutations

You cannot wear armour.
You are incapable of wielding weapons or throwing items.
Your paws allow you to move quietly. (Stealth)
You have sharp claws.
You have razor-sharp teeth.
You have supernaturally acute eyesight. (SInv)
You are carnivorous and can eat meat at any time.
You cover ground quickly.
You are covered in fur. (AC +1)
You have a slow metabolism.
Your sharp claws are effective at attacking unaware monsters.


Message History

The orc priest hits you with a hand axe.
You take 4 damage, and have 9/14 hp.
MASSIVE DAMAGE!!
You closely miss the orc priest. The orc priest misses you.
Aim: an orc priest, wielding a hand axe and wearing a ring mail (lightly wounded)
You freeze the orc priest.
The orc priest invokes the aid of Beogh against you.
Pain shoots through your body!
* * * LOW HITPOINT WARNING * * *
You take 6 damage, and have 3/14 hp.
MASSIVE DAMAGE!!
You now have 0/8 mp.
It was a potion of berserk rage.
A red film seems to cover your vision as you go berserk!
You feel yourself moving faster!
You feel mighty!
The orc priest hits you with a hand axe.
* * * LOW HITPOINT WARNING * * *
You now have 3/21 hp.
You scratch the orc priest but do no damage.
You scratch the orc priest.
The orc priest mumbles some strange prayers to Beogh against you.
Beogh smites you!
You die...

#.....#
##.....#####
...........
#..........
#.......$.
########.......?
..........))#####.
#..@o.......
#.####.####. #.#
.# #.##### #.# #
#.....# #.#
#.....#####.####
#.....##.......#
#.....##.......##
#..._.##........#


You could see an orc priest.

Vanquished Creatures
  3 oozes
  A worm (D:2)
  2 dart slugs
  4 leopard geckos
  3 orcs (D:3)
  3 giant cockroaches
  3 goblins
  2 hobgoblins (D:1)
  5 bats
  A frilled lizard (D:2)
  8 kobolds
  6 rats
41 creatures vanquished.

Notes
Turn   | Place    | Note
-------+----------+-------------------------------------------
     0 | D:1      | Kikal the Felid Ice Elementalist began the quest for the Orb.
     0 | D:1      | Reached XP level 1. HP: 7/7 MP: 4/4
   275 | D:1      | Reached skill level 3 in Ice Magic
   289 | D:1      | Reached XP level 2. HP: 11/11 MP: 3/6
   988 | D:1      | Learned a level 2 spell: Throw Frost
  1287 | D:1      | Reached skill level 1 in Conjurations
  1755 | D:2      | Reached XP level 3. HP: 14/14 MP: 4/7
  2607 | D:3      | Found a blossoming altar of Fedhas.
  2657 | D:3      | Killed from afar by an orc priest

Vault maps used:
D:1:      scummos_arrival_simple_fountains
D:3:      kiku_gazebo_garden_becter, overflow_temple_1_default,
          hangedman_decor_clover_reticule

Skill      XL: |  1  2 |
---------------+-------+-----
Ice Magic      | 3 |  3.6
Conjurations   | 1 |  1.5
Dodging        | |  2.6
Stealth        | |  2.6
Spellcasting   | |  2.8

Action                   || total
-------------------------++-------
Melee: Unarmed           ||    46
       Bite              ||     3
 Cast: Freeze            ||    60
       Throw Frost       ||     4
  Use: Potion            ||     1
 Stab: Sleeping          ||     8
  Eat: Chunk             ||    11
Armor: Skin              ||     7
Dodge: Dodged            ||    79

Table legend:
 A = Spawn XP
 B = Non-spawn XP
 C = Spawn XP percentage of total XP
 D = Spawn monster count
 E = Non-spawn monster count
 F = Spawn count percentage of total count
 G = Total turns spent on level
                    A         B        C        D         E        F      G
               +---------+---------+-------+---------+---------+-------+---------
         Total |       0 |      96 |   0.0 |       0 |      41 |   0.0 |  2657
               +---------+---------+-------+---------+---------+-------+---------
           D:1 |       0 |      40 |   0.0 |       0 |      22 |   0.0 |  1789
           D:2 |       0 |      35 |   0.0 |       0 |      13 |   0.0 |   761
           D:3 |       0 |      21 |   0.0 |       0 |       6 |   0.0 |   107
               +---------+---------+-------+---------+---------+-------+---------
